 Dungeon Crawl Stone Soup version 0.29.1-15-g9cfb28693d (webtiles) character file.

Game seed: 18382262474556628992

349 Peloso the Slasher (level 6, -12/55 HPs)
             Began as a Minotaur Fighter on Apr 25, 2023.
             Killed from afar by a steam dragon (14 damage)
             ... with a ball of steam
             ... on level 4 of the Dungeon.
             The game lasted 00:07:30 (4416 turns).

Peloso the Slasher (Minotaur Fighter)               Turns: 4416, Time: 00:07:30

Health: -12/55     AC:  7    Str: 20 (21) XL:     6   Next: 33%
Magic:  5/5        EV: 10    Int:  5      God:
Gold:   151        SH:  5    Dex: 17      Spells: 5/5 levels left

rFire   . . .      SeeInvis .   a - +0 long sword
rCold   . . .      Faith    .   c - +0 buckler
rNeg    . . .      Spirit   .   b - +0 scale mail
rPois   .          Reflect  .   (helmet restricted)
rElec   .          Harm     .   (no cloak)
rCorr   .          Rampage  .   (no gloves)
Will    .....                   (no boots)
Stlth   ..........              (no amulet)
HPRegen 0.18/turn               l - +6 ring of dexterity
MPRegen 0.09/turn               (no ring)

@: hasted, very quick
A: horns 2, retaliatory headbutt
a: no special abilities


You were on level 4 of the Dungeon.
You visited 1 branch of the dungeon, and saw 4 of its levels.
You also visited: Sewer.

You collected 151 gold pieces.

Inventory:

Hand Weapons
 a - a +0 long sword (weapon)
Armour
 b - a +0 scale mail (worn)
 c - a +0 buckler (worn)
Jewellery
 k - an amulet of magic regeneration
 l - a +6 ring of dexterity (left hand)
Wands
 j - a wand of paralysis (13)
Scrolls
 h - a scroll of identify
 i - a scroll of teleportation
 n - a scroll of acquirement
 s - a scroll of fear {unknown}
 u - a scroll of immolation
 v - a scroll of fog {unknown}
 w - a scroll of blinking {unknown}
Potions
 d - a potion of mutation
 e - a potion of flight
 f - a potion of brilliance
 g - a potion of lignification
 m - a potion of attraction {unknown}
 o - a potion of magic
 p - a potion of invisibility {unknown}
 q - a potion of haste
 r - 2 potions of heal wounds {unknown}
 t - a potion of curing {unknown}


   Skills:
 + Level 4.8 Fighting
 + Level 5.6 Long Blades
 + Level 5.1 Armour
 + Level 1.5 Dodging
 + Level 4.4 Shields


You had 5 spell levels left.
You didn't know any spells.
Your spell library contained the following spells:

 Spells                   Type           Power      Damage    Failure   Level
 Apportation              Tloc           0%         N/A       88%         1
 Necrotise                Necr           0%         1d4       88%         1
 Summon Small Mammal      Summ           0%         N/A       88%         1
 Sublimation of Blood     Necr           0%         N/A       96%         2
 Wereblood                Tmut           0%         N/A       96%         2
 Summon Hydra             Summ           0%         N/A       100%        7


Dungeon Overview and Level Annotations

Branches:
Dungeon (4/15)             Temple (0/1) D:4           Sewer (visited)

Altars:
Fedhas


Innate Abilities, Weirdness & Mutations

You have a pair of horns on your head.
You reflexively headbutt those who attack you in melee.


Message History

The steam dragon bites you but does no damage.
The steam dragon claws you. The steam dragon breathes steam at you.
The ball of steam hits you!
You closely miss the steam dragon.
The steam dragon is heavily wounded.
The steam dragon breathes steam at you. The ball of steam hits you!
* * * LOW HITPOINT WARNING * * *
You closely miss the steam dragon.
The steam dragon is heavily wounded.
You are engulfed in a cloud of scalding steam.
* * * LOW HITPOINT WARNING * * *
The steam dragon bites you.
* * * LOW HITPOINT WARNING * * *
The steam dragon claws you but does no damage.
Found a staircase to the Ecumenical Temple.
The steam dragon misses you. The steam dragon barely misses you.
Unknown command.
It was a potion of magic.
Magic courses through your body.
You are engulfed in a cloud of scalding steam.
You block the steam dragon's attack. x2
It was a potion of haste.
You feel yourself speed up. The steam dragon barely misses you.
The steam dragon claws you.
* * * LOW HITPOINT WARNING * * *
You barely miss the steam dragon.
The steam dragon is heavily wounded.
The steam dragon bites you!
* * * LOW HITPOINT WARNING * * *
The steam dragon claws you but does no damage.
You hit the steam dragon but do no damage.
The steam dragon is heavily wounded.
You hit the steam dragon.
The steam dragon is heavily wounded.
You block the steam dragon's attack. The steam dragon closely misses you.
You hit the steam dragon.
The steam dragon is heavily wounded.
The steam dragon breathes steam at you. The ball of steam hits you!
You die...

##.##.#...... ...
#........#### #..
#..##..#.# #...
###........# #...
#....<...###
###...####.#.##...#
...........#.##...#
.......D.....##...#
......>@...###...##
###...####.# ## #..
#... #. ##### .. >.
.


You could see a steam dragon (catching breath).

Vanquished Creatures
  2 kobold brigands (Sewer)
  2 orc wizards (D:3)
  Robin (D:2)
  3 river rats (Sewer)
  An adder (D:4)
  3 worms (D:2)
  2 dart slugs
  3 orcs (D:3)
  9 ball pythons
  5 bats
  6 endoplasms
  3 giant cockroaches
  8 hobgoblins
  3 jackals (D:2)
  3 quokkas
  6 frilled lizards
  12 goblins
  15 kobolds
  17 rats
104 creatures vanquished.

Vanquished Creatures (others)
  8 plants (D:2)
8 creatures vanquished.

Grand Total: 112 creatures vanquished

Notes
Turn   | Place    | Note
-------+----------+-------------------------------------------
     0 | D:1      | Peloso the Minotaur Fighter began the quest for the Orb.
     0 | D:1      | Reached XP level 1. HP: 19/19 MP: 0/0
   225 | D:1      | Reached XP level 2. HP: 27/27 MP: 1/1
   559 | D:1      | Found a faded altar of an unknown god.
  1044 | D:2      | Reached XP level 3. HP: 26/33 MP: 2/2
  1209 | D:2      | Noticed Robin
  1219 | D:2      | Killed Robin
  1646 | D:2      | Found a blossoming altar of Fedhas.
  1779 | D:2      | Reached XP level 4. HP: 34/40 MP: 3/3
  2159 | D:3      | Found a glowing drain.
  2177 | Sewer    | Entered a sewer
  2373 | Sewer    | Reached XP level 5. HP: 44/47 MP: 4/4
  2449 | Sewer    | Reached skill level 1 in Dodging
  2839 | Sewer    | Reached skill level 5 in Long Blades
  2865 | Sewer    | Reached skill level 5 in Armour
  2865 | Sewer    | Reached XP level 6. HP: 23/55 MP: 5/5
  3557 | Sewer    | Identified a scroll of acquirement
  4402 | D:4      | Noticed a steam dragon
  4410 | D:4      | Found a staircase to the Ecumenical Temple.
  4413 | D:4      | HP: 2/55 [steam dragon (7)]
  4416 | D:4      | Killed from afar by a steam dragon

Illustrated notes

Levels and vault maps discovered:
D:1:      dpeg_arrival_rooms_c, layout_basic, hellmonk_ecumenical_altar_run_dry
D:2:      layout_loops_ring, basic_altar, st_stairs_13, minivault_24,
          chequers_big_river, uniq_robin
D:3:      layout_basic, cheibrodos_sewer_entry_drain
D:4:      layout_loops_cross, minmay_temple_entry_statues_pillars, serial_shops,
          nicolae_lakefront_shop, nicolae_shop_hallway_plus, shop_statue,
          nicolae_shop_temple_entry_statues_fountains, kennysheep_donut,
          kennysheep_generic_room_14

Skill      XL: |  1  2  3  4  5 |
---------------+----------------+-----
Fighting       | 4 |  4.8
Armour         | 4 5 |  5.1
Shields        | 4 |  4.4
Long Blades    | 3 4 5 |  5.6
Dodging        | 1 |  1.5

Action                   |  1- 3 |  4- 6 || total
-------------------------+-------+-------++-------
Melee: Long sword        |   108 |   133 ||   241
       Headbutt          |    11 |    18 ||    29
  Use: Scroll            |     4 |     2 ||     6
       Potion            |     3 |     4 ||     7
Armor: Scale mail        |    44 |    50 ||    94
       Skin              |       |    13 ||    13
Dodge: Dodged            |    33 |    48 ||    81
Block: Buckler           |    12 |    53 ||    65
